 Dungeon Crawl Stone Soup version 0.26.0-45-g9c1d065592 (webtiles) character file.

Game seed: 11759516545863928708

130 kaeus the Stinger (level 5, -1/37 HPs)
             Began as a Gnoll Venom Mage on Jan 31, 2021.
             Slain by Natasha (5 damage)
             ... on level 3 of the Dungeon.
             The game lasted 00:01:54 (3819 turns).

kaeus the Stinger (Gnoll Venom Mage)                Turns: 3819, Time: 00:01:55

Health: -1/37      AC:  2    Str: 11    XL:     5   Next: 14%
Magic:  3/12       EV: 15    Int: 18    God:
Gold:   50         SH:  0    Dex: 15    Spells: 3/14 levels left

rFire    . . .     SeeInvis .   m - +0 dagger (freeze)
rCold    . . .     Faith    .   (no shield)
rNeg     . . .     Spirit   .   a - +0 robe
rPois    .         Reflect  .   (no helmet)
rElec    .         Harm     .   e - scarf {repulsion}
rCorr    .         Rampage  .   (no gloves)
Will     .....                  (no boots)
Stlth    +++.......             (no amulet)
HPRegen  0.12/turn              (no ring)
MPRegen  0.13/turn              (no ring)

@: very slightly contaminated, repel missiles
A: distributed training, fangs 1, strong nose
a: no special abilities


You were on level 3 of the Dungeon.
You visited 1 branch of the dungeon, and saw 3 of its levels.

You collected 50 gold pieces.

Inventory:

Hand Weapons
 m - a +0 dagger of freezing (weapon)
Armour
 a - a +0 robe (worn)
 e - a scarf of repulsion (worn)
Scrolls
 b - a scroll of enchant weapon {unknown}
 f - a scroll of teleportation {unknown}
 h - 2 scrolls of remove curse {unknown}
 i - 3 scrolls of identify {unknown}
 j - 2 scrolls of magic mapping {unknown}
 k - a scroll of fog {unknown}
Potions
 c - a potion of lignification {unknown}
 d - a potion of cancellation {unknown}
 g - 2 potions of heal wounds {unknown}
 l - 2 potions of degeneration {unknown}


   Skills:
 + Level 1.4 Fighting
 + Level 1.4 Short Blades
 + Level 1.4 Long Blades
 + Level 1.4 Axes
 + Level 1.4 Maces & Flails
 + Level 1.4 Polearms
 + Level 1.4 Staves
 + Level 1.4 Slings
 + Level 1.4 Bows
 + Level 1.4 Crossbows
 + Level 1.4 Throwing
 + Level 1.4 Armour
 + Level 4.7 Dodging
 + Level 4.3 Stealth
 + Level 1.4 Shields
 + Level 1.4 Unarmed Combat
 + Level 5.1 Spellcasting
 + Level 1.1 Conjurations
 + Level 1.1 Hexes
 + Level 1.1 Summonings
 + Level 1.1 Necromancy
 + Level 1.1 Translocations
 + Level 2.3 Transmutations
 + Level 1.1 Fire Magic
 + Level 1.1 Ice Magic
 + Level 1.1 Air Magic
 + Level 1.1 Earth Magic
 + Level 5.5 Poison Magic
 + Level 1.5 Invocations
 + Level 1.4 Evocations


You had 3 spell levels left.
You knew the following spells:

 Your Spells              Type           Power        Failure   Level
a - Sting                 Tmut/Pois      72%          2%          1
b - Olgreb's Toxic Radia  Pois           24%          13%         4
c - Ignite Poison         Fire/Tmut/Pois 15%          12%         3
d - Mephitic Cloud        Conj/Pois/Air  14%          14%         3

Your spell library contained the following spells:

 Spells                   Type           Power        Failure   Level
 Poisonous Vapours        Pois/Air       32%          4%          2


Dungeon Overview and Level Annotations

Branches:
Dungeon (3/15)

Altars:
Elyvilon
Trog
The Shining One

Annotations:
D:3 Natasha


Innate Abilities, Weirdness & Mutations

Your experience applies equally to all skills.
You have very sharp teeth.
Your uncanny sense of smell can sniff out nearby items.


Message History

Natasha is moderately wounded.
The adder looks even sicker.
Natasha casts a spell at you. You resist with some effort.
The white imp hits you. The white imp freezes you.
You take 8 damage, and have 13/37 hp.
MASSIVE DAMAGE!!
You hit Natasha. You freeze Natasha.
Natasha is severely wounded.
Your toxic aura wanes.
The shadow imp closely misses you.
Natasha hisses.
Natasha claws you.
* * * LOW HITPOINT WARNING * * *
The white imp barely misses you.
You take 3 damage, and have 10/37 hp.
You hit Natasha. You freeze Natasha. You bite Natasha.
Natasha is almost dead.
The shadow imp hits you.
* * * LOW HITPOINT WARNING * * *
Natasha claws you.
You die...

#.# #.# #.#
#.# #.#
#.#####
#.#...
#.#'###
#..@5S#
#..5h....#
#.....##..#
#.#'### .
#....
#.....
#......
#.#'##.


You could see Natasha (poisoned), an adder (very poisoned), a white imp
(poisoned) and a shadow imp (summoned).

Vanquished Creatures
  Jessica (D:3)
  2 adders (D:2)
  An ooze (D:2)
  4 worms
  A dart slug (D:2)
  A leopard gecko (D:2)
  2 orcs (D:3)
  6 bats
  2 giant cockroaches (D:3)
  11 goblins
  8 hobgoblins
  8 kobolds
  2 quokkas
  A frilled lizard (D:1)
  16 rats
66 creatures vanquished.

Notes
Turn   | Place    | Note
-------+----------+-------------------------------------------
     0 | D:1      | kaeus the Gnoll Venom Mage began the quest for the Orb.
     0 | D:1      | Reached XP level 1. HP: 13/13 MP: 6/6
   226 | D:1      | Reached XP level 2. HP: 19/19 MP: 5/7
  1467 | D:2      | Reached XP level 3. HP: 25/25 MP: 7/9
  1566 | D:2      | Reached skill level 5 in Spellcasting
  1769 | D:2      | Reached skill level 1 in Invocations
  1936 | D:2      | Found a white marble altar of Elyvilon.
  1945 | D:2      | Reached skill level 1 in Fighting
  1945 | D:2      | Reached skill level 1 in Short Blades
  1945 | D:2      | Reached skill level 1 in Long Blades
  1945 | D:2      | Reached skill level 1 in Axes
  1945 | D:2      | Reached skill level 1 in Maces & Flails
  1945 | D:2      | Reached skill level 1 in Polearms
  1945 | D:2      | Reached skill level 1 in Staves
  1945 | D:2      | Reached skill level 1 in Slings
  1945 | D:2      | Reached skill level 1 in Bows
  1945 | D:2      | Reached skill level 1 in Crossbows
  1945 | D:2      | Reached skill level 1 in Throwing
  1945 | D:2      | Reached skill level 1 in Armour
  1945 | D:2      | Reached skill level 1 in Shields
  1945 | D:2      | Reached skill level 1 in Unarmed Combat
  1945 | D:2      | Reached skill level 1 in Evocations
  1947 | D:2      | Reached XP level 4. HP: 32/32 MP: 7/11
  2292 | D:2      | Learned a level 4 spell: Olgreb's Toxic Radiance
  2296 | D:2      | Learned a level 3 spell: Ignite Poison
  2300 | D:2      | Learned a level 3 spell: Mephitic Cloud
  2424 | D:2      | Found a faded altar of an unknown god.
  3020 | D:2      | Found a bloodstained altar of Trog.
  3086 | D:3      | Noticed Jessica
  3090 | D:3      | Killed Jessica
  3091 | D:3      | Reached skill level 1 in Conjurations
  3091 | D:3      | Reached skill level 1 in Hexes
  3091 | D:3      | Reached skill level 1 in Summonings
  3091 | D:3      | Reached skill level 1 in Necromancy
  3091 | D:3      | Reached skill level 1 in Translocations
  3091 | D:3      | Reached skill level 1 in Fire Magic
  3091 | D:3      | Reached skill level 1 in Ice Magic
  3091 | D:3      | Reached skill level 1 in Air Magic
  3091 | D:3      | Reached skill level 1 in Earth Magic
  3161 | D:3      | Found a glowing golden altar of the Shining One.
  3195 | D:3      | Reached XP level 5. HP: 37/37 MP: 9/12
  3807 | D:3      | Noticed Natasha
  3819 | D:3      | Slain by Natasha

Illustrated notes

Levels and vault maps discovered:
D:1:      minmay_arrival_stone_box, layout_basic, minivault_14,
          minmay_rat_gold_closets
D:2:      layout_loops_corners, bloody_trog, elyvilon_altar_5,
          chequers_ecumenical_altar_simple_redux
D:3:      layout_basic, marbit_many_paths, minmay_crystal_room, tso_metal_star,
          uniq_jessica, uniq_grinder, uniq_natasha

Skill      XL: |  1  2  3  4 |
---------------+-------------+-----
Transmutations | 2 |  2.3
Spellcasting   | 5 |  5.1
Invocations    | 1 |  1.5
Fighting       | 1 |  1.4
Short Blades   | 1 |  1.4
Long Blades    | 1 |  1.4
Axes           | 1 |  1.4
Maces & Flails | 1 |  1.4
Polearms       | 1 |  1.4
Staves         | 1 |  1.4
Slings         | 1 |  1.4
Bows           | 1 |  1.4
Crossbows      | 1 |  1.4
Throwing       | 1 |  1.4
Armour         | 1 |  1.4
Shields        | 1 |  1.4
Unarmed Combat | 1 |  1.4
Evocations     | 1 |  1.4
Conjurations   | 1 |  1.1
Hexes          | 1 |  1.1
Summonings     | 1 |  1.1
Necromancy     | 1 |  1.1
Translocations | 1 |  1.1
Fire Magic     | 1 |  1.1
Ice Magic      | 1 |  1.1
Air Magic      | 1 |  1.1
Earth Magic    | 1 |  1.1
Dodging        | |  4.7
Stealth        | |  4.3
Poison Magic   | |  5.5

Action                   |  1- 3 |  4- 6 || total
-------------------------+-------+-------++-------
Melee: Unarmed           |    32 |       ||    32
       Dagger            |    21 |    52 ||    73
       Bite              |     8 |     8 ||    16
 Cast: Sting             |    46 |    34 ||    80
       Olgreb's Toxic Ra |       |     2 ||     2
Armor: Robe              |     5 |     4 ||     9
Dodge: Dodged            |    25 |    42 ||    67
